 Dungeon Crawl Stone Soup version 0.23-a0-395-gcf17ac6 (webtiles) character file.

1374 JeffiDaFish the Grave Robber (level 8, -3/52 HPs)
             Began as a Vampire Necromancer on Nov 1, 2018.
             Slain by a crimson imp
             ... wielding a +0 short sword
              (7 damage)
             ... on level 5 of the Dungeon.
             The game lasted 00:20:39 (8697 turns).

JeffiDaFish the Grave Robber (Vampire Necromancer)  Turns: 8697, Time: 00:20:40

Health: -3/52      AC:  6    Str:  7      XL:     8   Next: 39%
Magic:  24/24      EV: 14    Int: 20      God:
Gold:   109        SH:  0    Dex: 13 (14) Spells: 9/17 levels left

rFire    . . .     SeeInvis +   f - +2 dagger
rCold    + . .     Gourm    .   (no shield)
rNeg     + + .     Faith    .   a - +1 robe
rPois    +         Spirit   .   (no helmet)
rElec    .         Reflect  .   (no cloak)
rCorr    .         Harm     .   l - +0 pair of gloves
MR       +....                  (no boots)
Stlth    ++++......             (no amulet)
HPRegen  0.08/turn              k - ring of magical power
MPRegen  0.19/turn              (no ring)

@: regenerating slowly, studying Crossbows
A: fangs 3, yellow scales 1, see invisible, magic resistance 1, sense
surroundings 1, unbreathing
a: Bat Form


You were on level 5 of the Dungeon.
You were thirsty.

You visited 2 branches of the dungeon, and saw 6 of its levels.

You collected 252 gold pieces.
You spent 143 gold pieces at shops.

Inventory:

Hand Weapons
 f - a +2 dagger (weapon)
Armour
 a - a +1 robe (worn)
 l - a +0 pair of gloves (worn)
Magical Staves
 i - an uncursed staff of wizardry
Jewellery
 k - a ring of magical power (left hand)
Scrolls
 d - 3 scrolls of teleportation
 e - 4 scrolls of remove curse
 j - 3 scrolls of identify
 o - a scroll of blinking
Potions
 b - 2 potions of cancellation
 c - 2 potions of blood
 h - 2 potions of mutation
 m - 2 potions of curing
Books
 g - a manual of Crossbows


   Skills:
 + Level 3.4 Short Blades
 + Level 5.0 Dodging
 + Level 7.1 Stealth
 * Level 5.1 Spellcasting
 * Level 7.6 Necromancy


You had 9 spell levels left.
You knew the following spells:

 Your Spells              Type           Power        Failure   Level  Hunger
a - Pain                  Necr           ####         1%          1    None
b - Vampiric Draining     Necr           #####.....   1%          3    ##.....
c - Animate Dead          Necr           N/A          4%          4    ####...

Your spell library contained the following spells:

 Spells                   Type           Power        Failure   Level  Hunger
 Animate Skeleton         Necr           N/A          1%          1    None
 Regeneration             Chrm/Necr      ###.......   7%          3    ##.....


Dungeon Overview and Level Annotations

Branches:
Dungeon (5/15)             Temple (1/1) D:4

Altars:
Ashenzari
Cheibriados
Elyvilon
Hepliaklqana
Kikubaaqudgha
Makhleb
Nemelex Xobeh
Sif Muna
Trog
Wu Jian
Yredelemnul
Zin
The Shining One

Shops:
D:4 !


Innate Abilities, Weirdness & Mutations

You heal slowly.
You have razor-sharp teeth.
You have supernaturally acute eyesight. (SInv)
You can survive without breathing.
You are partially covered in yellow scales. (AC +2)
You are resistant to hostile enchantments. (MR+)
You passively map a small area around you.


Message History

You miss the crimson imp. Your bite misses the crimson imp.
The crimson imp is moderately wounded.
The crimson imp hits you with a short sword.
* * * LOW HITPOINT WARNING * * *
You miss the crimson imp.
The crimson imp is moderately wounded.
The crimson imp hits you but does no damage.
You hit the crimson imp.
The crimson imp is moderately wounded.
The crimson imp hits you with a short sword.
* * * LOW HITPOINT WARNING * * *
You hit the crimson imp but do no damage.
The crimson imp is moderately wounded.
The crimson imp closely misses you.
You barely miss the crimson imp. You bite the crimson imp.
The crimson imp is moderately wounded.
You miss the crimson imp.
The crimson imp is moderately wounded.
The crimson imp hits you with a short sword!
You die...

#...####(...#######.#
##..........#######.#
#...)(.......)..##.#
##5.....#.######.##.#
,
........'...)<##.##.#
........#.######.##.#
....#'#....#.....##.#
....#.#.#..#.#......#
..... #.#..#....@####
..... #.#..###.#5#
###...#.#........#
#...#.#.####.#######
#...#..............#
* * *
###.####.#####.. ,
*#.# #.....# , * *
#.# #####.# * *, ,#.#
#<.# *


You could see a crimson imp.

Vanquished Creatures
  A hippogriff (D:5)
  A human (D:4)
  An ogre (D:4)
  2 centaurs (D:5)
  A bullfrog (D:5)
  4 scorpions
  2 howler monkeys (D:4)
  2 hounds
  An orc priest (D:4)
  2 iguanas
  3 orc wizards
  3 worker ants
  A hound skeleton (D:4)
  A gnoll (D:1)
  5 adders
  A shadow imp (D:5)
  2 oozes
  7 worms
  6 leopard geckos
  13 orcs
  5 giant cockroaches
  5 hobgoblins
  7 jackals
  7 kobolds
  8 quokkas
  5 bats
  9 frilled lizards
  6 goblins
  A jackal skeleton (D:5)
  2 kobold zombies (D:4)
  A leopard gecko skeleton (D:3)
  11 rats
126 creatures vanquished.

Notes
Turn   | Place    | Note
-------+----------+-------------------------------------------
     0 | D:1      | JeffiDaFish the Vampire Necromancer began the quest for the
                  | Orb.
     0 | D:1      | Reached XP level 1. HP: 13/13 MP: 3/3
   131 | D:1      | Reached XP level 2. HP: 9/19 MP: 0/5
   831 | D:1      | Reached XP level 3. HP: 20/24 MP: 2/6
   923 | D:1      | Gained mutation: You are resistant to hostile enchantments.
                  | (MR+) [potion of mutation]
   923 | D:1      | Gained mutation: You are partially covered in yellow
                  | scales. (AC +2) [potion of mutation]
   923 | D:1      | Gained mutation: You passively map a small area around you.
                  | [potion of mutation]
  1209 | D:1      | Learned a level 3 spell: Vampiric Draining
  1350 | D:2      | Reached skill level 5 in Necromancy
  2039 | D:2      | Reached XP level 4. HP: 11/30 MP: 0/7
  2240 | D:2      | Found a burning altar of Makhleb.
  2511 | D:2      | Reached XP level 5. HP: 35/35 MP: 7/9
  2667 | D:2      | Learned a level 4 spell: Animate Dead
  3152 | D:3      | Found a sparkling altar of Nemelex Xobeh.
  3825 | D:3      | Found an ornate altar of the Wu Jian Council.
  3825 | D:3      | Found a white marble altar of Elyvilon.
  3825 | D:3      | Found a snail-covered altar of Cheibriados.
  3915 | D:3      | Reached skill level 1 in Short Blades
  4627 | D:4      | Reached skill level 5 in Stealth
  4627 | D:4      | Reached XP level 6. HP: 28/41 MP: 10/10
  5396 | D:4      | Found a runed door.
  5396 | D:4      | Noticed a human
  5400 | D:4      | Found a basalt altar of Yredelemnul.
  5447 | D:4      | Found a staircase to the Ecumenical Temple.
  5473 | Temple   | Entered the Ecumenical Temple
  5529 | D:4      | Killed a human
  5529 | D:4      | Reached XP level 7. HP: 39/46 MP: 7/13
  5675 | D:4      | Found Kackiq's Distillery.
  5683 | D:4      | Bought 2 potions of curing for 78 gold pieces
  5683 | D:4      | Bought a potion of heal wounds for 65 gold pieces
  5949 | D:4      | Noticed a moth of wrath
  5994 | D:4      | Found a bloodstained altar of Trog.
  6087 | D:5      | Entered Level 5 of the Dungeon
  7132 | D:5      | Reached XP level 8. HP: 22/52 MP: 9/15
  7861 | D:5      | Upgraded the game from 0.23-a0-394-g6ce9549 to
                  | 0.23-a0-395-gcf17ac6
  8169 | D:5      | Noticed a hippogriff
  8179 | D:5      | Killed a hippogriff
  8179 | D:5      | Reached skill level 5 in Spellcasting
  8246 | D:5      | Reached skill level 5 in Dodging
  8697 | D:5      | Slain by a crimson imp

Vault maps used:
D:1:      onia_arrival_mini_spirals
D:2:      makhleb_heckhound_becter
D:3:      gammafunk_temple_overflow_forgotten, lemuel_crystal_altar
D:4:      tgw_trog, temple_fountains, serial_shops, shop, dk_yredelemnul_ordeal
D:5:      first_ration, minmay_manual_monolith
Temple:   nicolae_temple_elliptical

Skill      XL: |  1  2  3  4  5  6  7  8 |
---------------+-------------------------+-----
Necromancy     | 5 6 7 |  7.6
Stealth        | 4 5 6 7 |  7.1
Dodging        | 3 4 5 |  5.0
Spellcasting   | 3 4 5 |  5.1
Short Blades   | 1 2 3 |  3.4

Action                   |  1- 3 |  4- 6 |  7- 9 || total
-------------------------+-------+-------+-------++-------
Melee: Unarmed           |    22 |       |       ||    22
       Bite              |     3 |     4 |    34 ||    41
       Dagger            |    29 |    81 |   479 ||   589
       Staff             |       |     1 |       ||     1
 Cast: Pain              |    61 |    71 |    60 ||   192
       Vampiric Draining |     1 |     8 |    20 ||    29
       Animate Dead      |       |       |     4 ||     4
  Use: Scroll            |     4 |     4 |     4 ||    12
       Potion            |     3 |    12 |    13 ||    28
 Stab: Sleeping          |     2 |    12 |     4 ||    18
Armor: Robe              |    18 |    20 |   113 ||   151
Dodge: Dodged            |    60 |    87 |   248 ||   395

Table legend:
 A = Non-vault XP
 B = Vault XP
 C = Vault XP percentage of total XP
 D = Non-vault monster count
 E = Vault monster count
 F = Vault count percentage of total count
                 A         B        C        D         E       F
            +---------+---------+-------+---------+---------+-------
      Total |    1135 |     829 |  42.2 |     110 |      16 |  12.7
            +---------+---------+-------+---------+---------+-------
        D:1 |      55 |       0 |   0.0 |      24 |       0 |   0.0
        D:2 |     134 |      45 |  25.1 |      28 |       1 |   3.4
        D:3 |      90 |       0 |   0.0 |      23 |       0 |   0.0
        D:4 |     492 |     200 |  28.9 |      14 |       8 |  36.4
        D:5 |     364 |     584 |  61.6 |      21 |       7 |  25.0
            +---------+---------+-------+---------+---------+-------
